[Event "*** SCC Grand Prix: Titled Tuesday Blitz"]
[Site "Chess.com"]
[Date "2020.07.21"]
[Round "4"]
[White "r31415"]
[Black "viniciusrego"]
[Result "1-0"]
[WhiteElo "2443"]
[BlackElo "2275"]
[TimeControl "180+1"]
[EndTime "10:36:22 PDT"]
[Termination "r31415 won by resignation"]

1. d4 Nf6 2. c4 g6 3. Nc3 Bg7 4. e4 d6 5. Be2 O-O 6. Be3 e5 7. d5 c5 8. dxc6 bxc6 9. h3 Be6 10. Qd2 Qc7 11. Nf3 Rd8 12. O-O d5 13. exd5 cxd5 14.
cxd5 Nxd5 15. Nxd5 Rxd5 16. Qb4 Nc6 17. Qh4 Qe7 18. Bg5 f6 19. Be3 Rad8 20. Rac1 Nd4 21. Bxd4 exd4 22. Bc4 Rh5 23. Qe4 Kf7 24. Rfe1 Rd6 25.
Bxe6+ Rxe6 26. Qxe6+ Qxe6 27. Rc7+ Qd7 28. Rxd7+ 1-0

[Event "*** SCC Grand Prix: Titled Tuesday Blitz"]
[Site "Chess.com"]
[Date "2020.07.21"]
[Round "4"]
[White "seorobert1971"]
[Black "Slovak_fighter2000"]
[Result "1-0"]
[WhiteElo "2689"]
[BlackElo "2451"]
[TimeControl "180+1"]
[EndTime "10:36:29 PDT"]
[Termination "seorobert1971 won by resignation"]

1. c4 e5 2. Nc3 Nc6 3. Nf3 Nf6 4. g3 Bb4 5. Bg2 Bxc3 6. bxc3 d6 7. d3 O-O 8. e4 a6 9. a4 h6 10. h3 Nh7 11.
Nh4 Be6 12. O-O Ne7 13. g4 g5 14. Nf5 Nxf5 15. exf5 Bc8 16. a5 c6 17. d4 Qc7 18.
Re1 Re8 19. Be3 e4 20. d5 c5 21. Qc2 Nf6 22. Bd2 Bd7 23. Bxe4 Re5 24. Bd3 Rae8 25. Rxe5 Rxe5 26. f4 gxf4 27. Bxf4 Re7 28. Bxh6 Nh7 29. f6 Nxf6 30. Bg5 Kg7 31. Rf1 Ng8 32. Bxe7 Nxe7 33.
Qf2 Be8 34. Qf6+ Kf8 35. Qh6+ 1-0

[Event "*** SCC Grand Prix: Titled Tuesday Blitz"]
[Site "Chess.com"]
[Date "2020.07.21"]
[Round "4"]
[White "Oleksandr_Bortnyk"]
[Black "Shubinkirill2003"]
[Result "1-0"]
[WhiteElo "2943"]
[BlackElo "2656"]
[TimeControl "180+1"]
[EndTime "10:36:30 PDT"]
[Termination "Oleksandr_Bortnyk won by resignation"]

1. d4 e6 2. Bf4 Nf6 3. e3 b6 4. Nf3 Bb7 5. h3 d6 6. c3 Nbd7 7. Be2 h6 8. Nbd2 g5 9. Bg3 Rg8 10. Qc2 h5 11. e4 g4 12. hxg4 hxg4 13. Ng1 c5 14. Bd3 cxd4 15. cxd4 Rc8 16. Qb3 a6 17.
Ne2 e5 18. Kf1 exd4 19. Bc4 Nc5 20. Bxf7+ Ke7 21. Bxg8 Nxb3 22. Bxb3 d5 23. e5 Bg7 24.
exf6+ Bxf6 25. Rh7+ Ke6 26. Nf4+ Kf5 27. Rxb7 1-0

[Event "*** SCC Grand Prix: Titled Tuesday Blitz"]
[Site "Chess.com"]
[Date "2020.07.21"]
[Round "4"]
[White "Ermito2020"]
[Black "warmoatmeal"]
[Result "1-0"]
[WhiteElo "2580"]
[BlackElo "2356"]
[TimeControl "180+1"]
[EndTime "10:36:30 PDT"]
[Termination "Ermito2020 won by resignation"]

1. e4 c6 2. d4 d5 3. e5 c5 4.
Nf3 cxd4 5. Nxd4 Nc6 6. c4 Nxe5 7.
cxd5 Qxd5 8. Nc3 Qd8 9. Bb5+ Bd7 10. O-O Nf6 11. Re1 Nc6 12. Bg5 e6 13. Nf5 Be7 14. Nxg7+ Kf8 15. Bh6 Kg8 16. Qf3 Qc7 17. Rad1 Rd8 18.
Nh5 1-0

[Event "*** SCC Grand Prix: Titled Tuesday Blitz"]
[Site "Chess.com"]
[Date "2020.07.21"]
[Round "4"]
[White "ApacheSVD"]
[Black "nrvignesh"]
[Result "0-1"]
[WhiteElo "2361"]
[BlackElo "2766"]
[TimeControl "180+1"]
[EndTime "10:36:30 PDT"]
[Termination "nrvignesh won by checkmate"]

1. e4 c5 2. Nf3 d6 3. d4 cxd4 4. Nxd4 Nf6 5. Nc3 a6 6. Qf3 g6 7. h3 Bg7 8. g4 O-O 9. Be3 Nc6 10. O-O-O Bd7 11. Be2 Rc8 12. Qg2 Ne5 13. g5 Nh5 14. Bxh5 gxh5 15. Nf5 Nc4 16. Nxg7 Kxg7 17. Qf3 Qa5 18.
Rd5 Qb4 19. Bd4+ e5 20. Qf6+ Kg8 21. Nd1 Qd2+ 22. Kb1 Na3+ 23. Ka1 Qc1# 0-1

[Event "*** SCC Grand Prix: Titled Tuesday Blitz"]
[Site "Chess.com"]
[Date "2020.07.21"]
[Round "4"]
[White "BillieKimbah"]
[Black "NikolaGry"]
[Result "1-0"]
[WhiteElo "2894"]
[BlackElo "2634"]
[TimeControl "180+1"]
[EndTime "10:36:32 PDT"]
[Termination "BillieKimbah won by resignation"]

1. d4 d5 2. Nf3 Nc6 3. c4 Bg4 4. Nc3 e6 5. e3 Nf6 6. h3 Bxf3 7. Qxf3 a6 8. Bd2 dxc4 9. Bxc4 Bd6 10. O-O-O O-O 11.
g4 e5 12. g5 Nd7 13. Qg4 Nb6 14. Bb3 a5 15. Ne4 Kh8 16. Bc3 exd4 17. exd4 a4 18. Bc2 Nb4 19. Bxb4 Bxb4 20. Nf6 g6 21. Qh4 h5 22.
Nxh5 1-0

[Event "*** SCC Grand Prix: Titled Tuesday Blitz"]
[Site "Chess.com"]
[Date "2020.07.21"]
[Round "4"]
[White "keepitcool9499"]
[Black "penguingm1"]
[Result "0-1"]
[WhiteElo "2564"]
[BlackElo "2927"]
[TimeControl "180+1"]
[EndTime "10:36:34 PDT"]
[Termination "penguingm1 won by resignation"]

1. d4 d5 2. c4 e6 3. Nc3 Nf6 4. Nf3 Be7 5. e3 O-O 6. Bd3 c5 7.
O-O Nc6 8. dxc5 Bxc5 9. a3 a6 10.
b4 Ba7 11. Bb2 dxc4 12. Bxc4 Qe7 13. Qb3 b5 14. Be2 Bb7 15. Rfd1 Rfc8 16. Rac1 h6 17. h3 Rc7 18. a4 Qxb4 19. Qxb4 Nxb4 20. axb5 axb5 21. Nxb5 Rxc1 22. Rxc1 Bb6 23. Bd4 Bd8 24. Rb1 Be7 25. Rc1 Nfd5 26. Ne5 Ba6 27. Bf3 Bxb5 0-1

[Event "*** SCC Grand Prix: Titled Tuesday Blitz"]
[Site "Chess.com"]
[Date "2020.07.21"]
[Round "4"]
[White "lider34"]
[Black "QueenOfTactics90"]
[Result "1-0"]
[WhiteElo "2209"]
[BlackElo "1995"]
[TimeControl "180+1"]
[EndTime "10:36:38 PDT"]
[Termination "lider34 won by resignation"]

1. e4 c5 2. c3 Nf6 3. e5 Nd5 4. d4 cxd4 5. Nf3 Nc6 6. Bc4 Nb6 7. Bb3 d5 8. exd6 e6 9. cxd4 Bxd6 10. O-O O-O 11. Nc3 e5 12. dxe5 Nxe5 13. Nxe5 Bxe5 14. Be3 Bf5 15. Qxd8 Rfxd8 16. Rad1 Bd3 17. Rfe1 Nc4 18. Rxd3 Rxd3 19. Bxc4 Rd7 20. Bxa7 Bxc3 21. bxc3 g6 22. Bd4 h5 23. h4 Kh7 24. g3 f5 25. Kg2 Rc8 26.
Bb3 Rf8 27. Re6 f4 28. gxf4 Rxf4 29. Re8 Rg4+ 30. Kf3 g5 31. Bc2+ 1-0

[Event "*** SCC Grand Prix: Titled Tuesday Blitz"]
[Site "Chess.com"]
[Date "2020.07.21"]
[Round "4"]
[White "Boudicca64"]
[Black "Roza_Idrisova"]
[Result "0-1"]
[WhiteElo "1789"]
[BlackElo "2248"]
[TimeControl "180+1"]
[EndTime "10:36:42 PDT"]
[Termination "Roza_Idrisova won on time"]

1. e4 c6 2. d4 d5 3. e5 c5 4. dxc5 e6 5. Be3 Qc7 6. b4 a5 7. c3 axb4 8. cxb4 b6 9. cxb6 Bxb4+ 10. Nd2 Qxe5 11. Rc1 Bb7 12. Bb5+ Kf8 13. Nf3 Qd6 14. O-O Ne7 15. Rc7 Ba6 16. a3 Ba5 17. Nc4 Qd8 0-1

[Event "*** SCC Grand Prix: Titled Tuesday Blitz"]
[Site "Chess.com"]
[Date "2020.07.21"]
[Round "4"]
[White "tylityli"]
[Black "DanielTitichoca"]
[Result "1-0"]
[WhiteElo "2138"]
[BlackElo "2318"]
[TimeControl "180+1"]
[EndTime "10:36:43 PDT"]
[Termination "tylityli won by resignation"]

1. d4 Nf6 2. c4 g6 3. Nc3 Bg7 4. e4 O-O 5. Nge2 d6 6. Ng3 c5 7.
d5 e6 8. Be2 a6 9. a4 e5 10.
O-O a5 11. Bg5 h6 12. Be3 Na6 13. Qd2 h5 14. Bg5 Qe8 15. Bh6 Nh7 16. Bxg7 Kxg7 17. Nb5 Qe7 18. Bd3 h4 19. Ne2 f5 20. exf5 gxf5 21. f4 e4 22. Qc3+ Nf6 23. Bc2 Nb4 24.
Rad1 Bd7 25. Bb1 Kh7 26. Qh3 Ng4 27. Nec3 Bxb5 28. axb5 Rg8 29. Rfe1 Qf6 30. Nxe4 fxe4 31. Rxe4 Qxb2 32. Qxh4+ Nh6 33. Re7+ 1-0

[Event "*** SCC Grand Prix: Titled Tuesday Blitz"]
[Site "Chess.com"]
[Date "2020.07.21"]
[Round "4"]
[White "mfwagnerpeixoto"]
[Black "Haykoooo0o"]
[Result "0-1"]
[WhiteElo "2277"]
[BlackElo "2522"]
[TimeControl "180+1"]
[EndTime "10:36:46 PDT"]
[Termination "Haykoooo0o won by resignation"]

1. d4 Nf6 2. c4 c5 3. d5 b5 4. cxb5 a6 5. bxa6 g6 6. Nc3 Bg7 7. g3 O-O 8. Bg2 d6 9. Nf3 Bf5 10. O-O Ne4 11. Nxe4 Bxe4 12. h4 Nxa6 13. h5 Nb4 14. h6 Bf6 15. Bd2 Nxd5 16. Nh2 Bxg2 17. Kxg2 Bxb2 18. Rb1 Bf6 19. Ng4 Qd7 20. f3 Rxa2 21. Kg1 Bd4+ 22. Kh1 Qf5 23. e4 Qh5+ 24.
Nh2 Ne3 25. Qe2 Nxf1 26. Rxf1 Bc3 0-1

[Event "*** SCC Grand Prix: Titled Tuesday Blitz"]
[Site "Chess.com"]
[Date "2020.07.21"]
[Round "4"]
[White "tan275"]
[Black "JiiHart"]
[Result "1-0"]
[WhiteElo "2242"]
[BlackElo "2075"]
[TimeControl "180+1"]
[EndTime "10:36:49 PDT"]
[Termination "tan275 won by resignation"]

1. d4 Nf6 2. c4 e6 3. Nc3 c5 4. d5 exd5 5. cxd5 d6 6. e4 g6 7. h3 Bg7 8. Nf3 O-O 9. Bd3 b5 10. Nxb5 Nxe4 11. O-O Ba6 12. Re1 Bxb5 13. Bxb5 f5 14.
Bd3 Re8 15. Bxe4 Rxe4 16. Ng5 Rxe1+ 17. Qxe1 Qd7 18. Qe2 Na6 19. Qxa6 Rb8 20. Bf4 Rb6 21. Qe2 Rxb2 22. Qe6+ Qxe6 23. Nxe6 Rxf2 24. Kxf2 Bxa1 25. Bxd6 c4 26. Bf4 c3 27. d6 1-0

[Event "*** SCC Grand Prix: Titled Tuesday Blitz"]
[Site "Chess.com"]
[Date "2020.07.21"]
[Round "4"]
[White "Eliwood44"]
[Black "CrushingKings"]
[Result "1-0"]
[WhiteElo "2328"]
[BlackElo "2517"]
[TimeControl "180+1"]
[EndTime "10:36:50 PDT"]
[Termination "Eliwood44 won on time"]

1. d4 Nf6 2. Nf3 b6 3. e3 Bb7 4. Bd3 g6 5. O-O Bg7 6. c4 O-O 7. Nc3 d5 8. Ne5 Nbd7 9. Qa4 Nxe5 10. dxe5 Ng4 11. cxd5 Nxe5 12. Be2 Qd7 13. Qxd7 Nxd7 14. e4 Nc5 15. Bf3 e6 16. Be3 Nd3 17. Nb5 Be5 18.
dxe6 fxe6 19. Bd4 Bc6 20. Bxe5 Nxe5 21. Nxc7 Nxf3+ 22. gxf3 Rac8 23. Nxe6 Rxf3 24. Nd4 Rf4 25. Rac1 Rg4+ 26. Kh1 Bxe4+ 27. f3 Rxc1 28. Rxc1 1-0

[Event "*** SCC Grand Prix: Titled Tuesday Blitz"]
[Site "Chess.com"]
[Date "2020.07.21"]
[Round "4"]
[White "SanchezKelvin"]
[Black "isainz"]
[Result "1-0"]
[WhiteElo "2396"]
[BlackElo "2127"]
[TimeControl "180+1"]
[EndTime "10:36:50 PDT"]
[Termination "SanchezKelvin won by resignation"]

1. d4 Nf6 2. c4 g6 3. Nc3 Bg7 4.
e4 d6 5. Nf3 O-O 6. Be2 e5 7.
O-O Nc6 8. d5 Ne7 9. Ne1 Nd7 10.
Nd3 f5 11. f3 f4 12. c5 Nxc5 13. Nxc5 dxc5 14. Bd2 a6 15. Na4 Qd6 16. Rc1 b6 17. Qc2 Bd7 18. b3 Bxa4 19. bxa4 c6 20. a5 cxd5 21. exd5 b5 22. Qxc5 Qxc5+ 23. Rxc5 Rfd8 24. a4 Rxd5 25. Rxd5 Nxd5 26. axb5 axb5 27. Bxb5 Ne3 28. Rc1 e4 29. Bc6 Rd8 30. Bc3 exf3 31. Bxg7 Kxg7 32. Bxf3 Ra8 33. Bxa8 1-0

[Event "*** SCC Grand Prix: Titled Tuesday Blitz"]
[Site "Chess.com"]
[Date "2020.07.21"]
[Round "4"]
[White "promen1999"]
[Black "ural58"]
[Result "1-0"]
[WhiteElo "2830"]
[BlackElo "2531"]
[TimeControl "180+1"]
[EndTime "10:36:52 PDT"]
[Termination "promen1999 won on time"]

1. d4 d5 2. c4 e5 3. dxe5 d4 4.
Nf3 Nc6 5. g3 Nge7 6. Bg2 Ng6 7. O-O Ngxe5 8. Nxe5 Nxe5 9. Bf4 Ng6 10. e3 Nxf4 11. exf4 Be7 12. Re1 O-O 13. Nd2 c6 14.
Be4 Bf6 15. Bd3 g6 16. Ne4 Bg7 17. c5 b6 18. Qa4 Bd7 19. Rac1 b5 20. Qa6 Qc8 21.
Qxc8 Raxc8 22. Nd6 Rcd8 23. b4 Be6 24. Be4 Bd7 25.
Bf3 Ra8 26. Re7 Rad8 27. Rd1 Bf6 28. Ree1 Ra8 29. Nb7 Rab8 30. Na5 Rbc8 31. Nb3 Be6 32. Nxd4 Bxa2 33. Nxc6 Bb3 34. Rd6 Bg7 35. Ne7+ Kh8 36.
Nxc8 Rxc8 37. Bb7 Rf8 38. c6 1-0

[Event "*** SCC Grand Prix: Titled Tuesday Blitz"]
[Site "Chess.com"]
[Date "2020.07.21"]
[Round "4"]
[White "MusicCityMaster"]
[Black "DaggiGretarsson"]
[Result "0-1"]
[WhiteElo "2446"]
[BlackElo "2619"]
[TimeControl "180+1"]
[EndTime "10:36:52 PDT"]
[Termination "DaggiGretarsson won by resignation"]

1. e4 e5 2. Nf3 Nc6 3. Bb5 Nge7 4. c3 a6 5. Ba4 g6 6. O-O Bg7 7. h3 O-O 8. d4 b5 9. Bb3 exd4 10. cxd4 d6 11.
Nc3 Bb7 12. Re1 Na5 13. Bc2 c5 14. d5 Nc4 15. Bd3 Nb6 16. Rb1 h6 17. Bf4 Qd7 18. Qd2 g5 19. Bg3 f5 20. exf5 Nxf5 21. Bh2 Nxd5 22.
Bc4 bxc4 23. Nxd5 Rae8 24. g4 Nd4 25. Nxd4 cxd4 26. Nb4 a5 27. Nc2 Qc6 28. f3 Qxf3 0-1

[Event "*** SCC Grand Prix: Titled Tuesday Blitz"]
[Site "Chess.com"]
[Date "2020.07.21"]
[Round "4"]
[White "dodorox"]
[Black "LedakovAlexandr"]
[Result "0-1"]
[WhiteElo "2138"]
[BlackElo "2495"]
[TimeControl "180+1"]
[EndTime "10:36:53 PDT"]
[Termination "LedakovAlexandr won by resignation"]

1. d4 Nc6 2. c4 e5 3. d5 Nce7 4. e4 Ng6 5. Nc3 Nf6 6. g3 Bb4 7. Bg2 Bxc3+ 8. bxc3 d6 9. Ne2 h6 10. O-O O-O 11. f4 exf4 12. Nxf4 Ne5 13. Qd4 Qe7 14. Ba3 b6 15. Nd3 Nfd7 16. Rf5 Nxd3 17. Qxd3 Ne5 18. Rxe5 Qxe5 19. Bc1 f6 20. Be3 Qh5 21.
Bd4 Bh3 22. Bf3 Bg4 23. Bg2 Rae8 24. a4 a5 25. Re1 Rf7 26. Rb1 Rfe7 27. Rc1 f5 28.
Re1 fxe4 29. Rxe4 Bf5 30. Rh4 Re1+ 0-1

[Event "*** SCC Grand Prix: Titled Tuesday Blitz"]
[Site "Chess.com"]
[Date "2020.07.21"]
[Round "4"]
[White "Roman_Ovetchkin"]
[Black "sasko1234"]
[Result "1-0"]
[WhiteElo "2606"]
[BlackElo "2385"]
[TimeControl "180+1"]
[EndTime "10:36:54 PDT"]
[Termination "Roman_Ovetchkin won by resignation"]

1. d4 Nf6 2. c4 d6 3. Nf3 Bg4 4. g3 Nbd7 5. Bg2 e5 6. O-O c6 7. Nc3 Be7 8. h3 Bh5 9. Nh4 O-O 10. Nf5 Bg6 11. Nxe7+ Qxe7 12. Be3 Rfe8 13. d5 c5 14. a3 Rec8 15. b3 h6 16. Qd2 a6 17. a4 a5 18.
Rae1 b6 19. Qd1 Re8 20. Bc1 e4 21. f4 exf3 22. exf3 Qd8 23. Nb5 Ne5 24. f4 Nd3 25.
Rxe8+ Nxe8 26. f5 1-0

[Event "*** SCC Grand Prix: Titled Tuesday Blitz"]
[Site "Chess.com"]
[Date "2020.07.21"]
[Round "4"]
[White "Joseacorrea"]
[Black "jsl796"]
[Result "0-1"]
[WhiteElo "1970"]
[BlackElo "2885"]
[TimeControl "180+1"]
[EndTime "10:36:55 PDT"]
[Termination "jsl796 won by resignation"]

1. c4 Nf6 2. Nc3 g6 3. d4 d6 4. e4 Bg7 5. f3 O-O 6. Be3 c5 7. Nge2 Nc6 8. d5 Ne5 9. Ng3 h5 10. Bd3 h4 11. Nge2 h3 12. Nf4 hxg2 13. Nxg2 e6 14. Qe2 a6 15. h4 b5 16. h5 Nxh5 17. Rxh5 gxh5 18. O-O-O bxc4 19. Bxc4 Rb8 20. Nf4 Nxc4 21. Qxc4 exd5 22. Nfxd5 Be6 23. f4 Rb4 24. Qe2 Bxd5 25. exd5 Re8 26. a3 Rxf4 27. Rg1 Rg4 28. Rxg4 hxg4 29. Kd2 Qd7 30. Qxa6 g3 31. Qe2 Bh6 32.
Nd1 Qf5 33. Qg2 Rxe3 34. Nxe3 Qf4 35. Kd3 Qxe3+ 0-1

[Event "*** SCC Grand Prix: Titled Tuesday Blitz"]
[Site "Chess.com"]
[Date "2020.07.21"]
[Round "4"]
[White "chessplayer9919"]
[Black "Parkas"]
[Result "1-0"]
[WhiteElo "2624"]
[BlackElo "2344"]
[TimeControl "180+1"]
[EndTime "10:36:59 PDT"]
[Termination "chessplayer9919 won by resignation"]

1. e4 g6 2. Nc3 Bg7 3. d4 d6 4. f4 Nf6 5. Nf3 O-O 6. Bd3 Nbd7 7. e5 Ne8 8. h4 c5 9. e6 cxd4 10. exd7 Bxd7 11. Ne4 f5 12. Neg5 e5 13. Bc4+ Kh8 14. h5 d5 15. Nxe5 Bxe5 16. fxe5 dxc4 17. Qxd4 Bc6 18.
Qc3 Ng7 19. hxg6 f4 20. Rxh7+ Kg8 21. Rxg7+ Kxg7 22. Ne6+ Kxg6 23. Nxd8 Raxd8 24. Bd2 1-0

[Event "*** SCC Grand Prix: Titled Tuesday Blitz"]
[Site "Chess.com"]
[Date "2020.07.21"]
[Round "4"]
[White "Fh2411"]
[Black "Danfii"]
[Result "1-0"]
[WhiteElo "2589"]
[BlackElo "2354"]
[TimeControl "180+1"]
[EndTime "10:37:02 PDT"]
[Termination "Fh2411 won by resignation"]

1. d4 Nf6 2. Nf3 e6 3. Bf4 d5 4. e3 Bd6 5. Bg3 O-O 6. Nbd2 c5 7. c3 b6 8. Bd3 Bb7 9. Ne5 Ne4 10. O-O Qc7 11.
f4 f6 12. Ng4 Nd7 13. Nf2 f5 14. Bh4 Ndf6 15. Bxf6 Nxf6 16. Nf3 Ne4 17. Nh3 c4 18.
Bxe4 dxe4 19. Ne5 Bd5 20. Kh1 Bxe5 21. fxe5 b5 22. Qh5 Qf7 23. Qh4 a5 24. g4 Kh8 25.
Rf4 b4 26. Rg1 bxc3 27. bxc3 g6 28. gxf5 exf5 29. Qg5 Ra7 30. Rh4 Ra6 31. Nf4 Kg8 32.
Rh6 Rb8 33. Qh4 a4 34. Nxd5 Qxd5 35. Rxh7 1-0

[Event "*** SCC Grand Prix: Titled Tuesday Blitz"]
[Site "Chess.com"]
[Date "2020.07.21"]
[Round "4"]
[White "alexsergeyev"]
[Black "BilguunSu"]
[Result "0-1"]
[WhiteElo "2358"]
[BlackElo "2599"]
[TimeControl "180+1"]
[EndTime "10:37:02 PDT"]
[Termination "BilguunSu won on time"]

1. d4 d5 2. Nf3 e6 3. c4 c6 4.
Nc3 dxc4 5. e3 b5 6. a4 Bb4 7.
Bd2 a5 8. axb5 Bxc3 9. Bxc3 cxb5 10. b3 Bb7 11. bxc4 b4 12. Bb2 Nf6 13. c5 O-O 14.
Bb5 Qc7 15. O-O Ng4 16. g3 Nc6 17. Qe2 Ne7 18. e4 Nf6 19. e5 Nfd5 20. Ng5 Bc6 21. Ne4 a4 22. Nd6 a3 23. Bc1 Nc3 24. Qc4 Nxb5 25.
Nxb5 Bxb5 26. Qxb5 Rfb8 27. Qc4 Qc6 28. Bg5 Qd5 0-1

[Event "*** SCC Grand Prix: Titled Tuesday Blitz"]
[Site "Chess.com"]
[Date "2020.07.21"]
[Round "4"]
[White "Klaus1995"]
[Black "cukin84"]
[Result "0-1"]
[WhiteElo "1897"]
[BlackElo "2169"]
[TimeControl "180+1"]
[EndTime "10:37:08 PDT"]
[Termination "cukin84 won by checkmate"]

1. e4 c6 2. d4 d5 3. Nc3 a6 4.
Bd3 dxe4 5. Bxe4 Nf6 6. Bf3 Bf5 7. Nge2 e6 8. Bf4 Be7 9. Qd2 Nd5 10. Nxd5 cxd5 11.
g4 Bg6 12. h4 h5 13. g5 Nc6 14. Ng3 Rc8 15. c3 Na5 16. Qe2 b5 17. Bxh5 Bxh5 18. Nxh5 Kf8 19. Be5 Rg8 20. Nf4 Nc4 21. Qf3 Ke8 22.
g6 Nxe5 23. dxe5 Rf8 24. Qh5 Qb6 25. gxf7+ Kd7 26. Rg1 Rc4 27. Ng6 Rxf7 28. Nxe7 Rxe7 29. O-O-O b4 30. Rg6 bxc3 31. Rxd5+ Kc7 32. b3 Qxf2 33.
Rd1 Qb2# 0-1

[Event "*** SCC Grand Prix: Titled Tuesday Blitz"]
[Site "Chess.com"]
[Date "2020.07.21"]
[Round "4"]
[White "EvgenyT"]
[Black "SamuelGhimpu2003"]
[Result "1-0"]
[WhiteElo "2911"]
[BlackElo "2558"]
[TimeControl "180+1"]
[EndTime "10:37:09 PDT"]
[Termination "EvgenyT won on time"]

1. c4 e6 2. Nc3 Nf6 3. d4 Bb4 4. e3 O-O 5. Bd3 c5 6. Nf3 d6 7.
O-O Bxc3 8. bxc3 Nc6 9. e4 e5 10. d5 Ne7 11. Nh4 h6 12. Qf3 Nh7 13. Qg3 g5 14. f4 f6 15. f5 Kg7 16. Nf3 Kh8 17. h4 Rg8 18. hxg5 hxg5 19. Kf2 Kg7 20. Rh1 Rh8 21. Qh2 Ng8 22. Qh5 1-0

[Event "*** SCC Grand Prix: Titled Tuesday Blitz"]
[Site "Chess.com"]
[Date "2020.07.21"]
[Round "4"]
[White "bmt011"]
[Black "imdvb6307"]
[Result "0-1"]
[WhiteElo "2135"]
[BlackElo "2405"]
[TimeControl "180+1"]
[EndTime "10:37:12 PDT"]
[Termination "imdvb6307 won on time"]

1. d4 f5 2. Nc3 Nf6 3. Bg5 c6 4. Bxf6 exf6 5. e3 d5 6. Bd3 Bd6 7. Qf3 g6 8. h4 h5 9. Nge2 Nd7 10. O-O-O Nf8 11. Nf4 Kf7 12. Nce2 b5 13. Ng3 a5 14.
Bxb5 cxb5 15. Qxd5+ Be6 16. Nxe6 Nxe6 17. e4 Bxg3 18. fxg3 Qxd5 19. exd5 Nc7 20. d6 Nd5 21. Rhe1 Rhd8 0-1

[Event "*** SCC Grand Prix: Titled Tuesday Blitz"]
[Site "Chess.com"]
[Date "2020.07.21"]
[Round "4"]
[White "Lion-Al-Messi"]
[Black "Playgood28"]
[Result "1-0"]
[WhiteElo "2443"]
[BlackElo "2275"]
[TimeControl "180+1"]
[EndTime "10:37:15 PDT"]
[Termination "Lion-Al-Messi won by resignation"]

1. e4 e5 2. Nf3 d6 3. d4 exd4 4. Nxd4 Nf6 5. Nc3 Be7 6. Be2 O-O 7. O-O c5 8. Nf5 Bxf5 9. exf5 Nc6 10. Bg5 Re8 11. Bf3 Qd7 12. Bxf6 Bxf6 13. Nd5 Bxb2 14. Rb1 Be5 15. f6 Rac8 16. Bg4 Qd8 17. Rxb7 Bxf6 18. Rd7 Qa5 19. Nxf6+ gxf6 20. Qxd6 Ne5 21. Qxf6 Nxd7 22. Bxd7 Qd8 23. Qf5 Rb8 24. Bxe8 Qxe8 25. Qg5+ Kh8 26. h4 Qe6 27. Rd1 Rg8 28. Qxc5 h6 29. Rd6 Qe1+ 30. Kh2 Qc1 31. Qe5+ Kh7 32. Qf5+ Kh8 33. Qf6+ Rg7 34. Rd8+ Kh7 35. Qf5+ Rg6 36. Qxf7+ Rg7 37. Qf5+ 1-0

[Event "*** SCC Grand Prix: Titled Tuesday Blitz"]
[Site "Chess.com"]
[Date "2020.07.21"]
[Round "4"]
[White "Andrei_Belozerov"]
[Black "hansen"]
[Result "0-1"]
[WhiteElo "2554"]
[BlackElo "2904"]
[TimeControl "180+1"]
[EndTime "10:37:16 PDT"]
[Termination "hansen won by resignation"]

1. e4 c5 2. Nf3 e6 3. d4 cxd4 4.
Nxd4 a6 5. Bd3 Qb6 6. Nb3 Qc7 7. O-O d6 8. Nc3 Nf6 9. Qe2 b5 10. Bd2 Bb7 11. f4 Nbd7 12. Rae1 b4 13. Nd1 d5 14.
Nf2 dxe4 15. Nxe4 Be7 16. f5 e5 17. Bg5 Rc8 18. Nbd2 Nxe4 19. Bxe7 Qb6+ 20. Kh1 Nxd2 21. f6 Nxf1 22. Rxf1 gxf6 23. Rxf6 Nxf6 24. Qxe5 Qe6 25. Bxf6 Qxe5 26. Bxe5 Rg8 0-1

[Event "*** SCC Grand Prix: Titled Tuesday Blitz"]
[Site "Chess.com"]
[Date "2020.07.21"]
[Round "4"]
[White "krzyzan94"]
[Black "Irochka83"]
[Result "1-0"]
[WhiteElo "2639"]
[BlackElo "2346"]
[TimeControl "180+1"]
[EndTime "10:37:16 PDT"]
[Termination "krzyzan94 won by checkmate"]

1. d4 d5 2. c4 dxc4 3. e3 Nf6 4. Bxc4 e6 5. Nc3 c5 6. Nf3 Nc6 7. O-O a6 8. Bb3 b5 9. a3 Bb7 10. d5 exd5 11. Nxd5 c4 12. Nxf6+ Qxf6 13. Bc2 Bd6 14. Nd2 Qh6 15. h3 Rd8 16. Qe2 O-O 17. Ne4 Bc7 18. Bd2 Ne5 19. Bc3 Nd3 20. Ng3 Qc6 21. e4 Bxg3 22. Qg4 Qxe4 23. Qxg7# 1-0

[Event "*** SCC Grand Prix: Titled Tuesday Blitz"]
[Site "Chess.com"]
[Date "2020.07.21"]
[Round "4"]
[White "nrvisakh"]
[Black "fmshawnrl123"]
[Result "0-1"]
[WhiteElo "2825"]
[BlackElo "2673"]
[TimeControl "180+1"]
[EndTime "10:37:18 PDT"]
[Termination "fmshawnrl123 won by resignation"]

1. e4 c6 2. Nc3 d5 3. Nf3 Bg4 4. h3 Bxf3 5. Qxf3 Nf6 6. d3 e6 7. g3 d4 8. Ne2 c5 9. Bg2 Nc6 10. O-O Be7 11. g4 O-O 12. a3 Nd7 13. Qg3 Bh4 14.
Qd6 Nce5 15. g5 Rc8 16. Nxd4 cxd4 17. Qxd4 Rxc2 18. Be3 Bxg5 19. f4 Be7 20. Qa4 Re2 21.
Bxa7 Nxd3 22. Rad1 Bc5+ 23. Kh2 Nxb2 24. Qxd7 Nxd1 25.
Qxd8 Rxd8 26. Bxc5 Rdd2 27. Rg1 Ne3 28. Bxe3 Rxe3 0-1

[Event "*** SCC Grand Prix: Titled Tuesday Blitz"]
[Site "Chess.com"]
[Date "2020.07.21"]
[Round "4"]
[White "ASVZ"]
[Black "chito89"]
[Result "0-1"]
[WhiteElo "2453"]
[BlackElo "2770"]
[TimeControl "180+1"]
[EndTime "10:37:18 PDT"]
[Termination "chito89 won by resignation"]

1. e4 c5 2. c3 Nf6 3. e5 Nd5 4. d4 cxd4 5. Qxd4 e6 6. Nf3 Nc6 7. Qe4 f5 8. Qe2 Be7 9. h4 O-O 10. Bg5 h6 11. Bxe7 Qxe7 12. c4 Nf4 13. Qd2 Ng6 14. Qe3 Qb4+ 15. Nc3 f4 16. Qd2 Ngxe5 17. Nxe5 Nxe5 18. O-O-O Nxc4 19. Bxc4 Qxc4 20. Qd6 b5 21.
Rd4 Qc6 22. f3 Qxd6 23. Rxd6 b4 24. Ne4 Rf5 25. Kb1 Bb7 26. Rxd7 Bxe4+ 27. fxe4 Re5 28. Rc1 Rxe4 29. Rcc7 Re1+ 30. Kc2 Re2+ 31. Kb3 Rxg2 32. Rf7 Rf8 0-1

[Event "*** SCC Grand Prix: Titled Tuesday Blitz"]
[Site "Chess.com"]
[Date "2020.07.21"]
[Round "4"]
[White "pedro_nascimento85"]
[Black "esrosenberg"]
[Result "0-1"]
[WhiteElo "1930"]
[BlackElo "2199"]
[TimeControl "180+1"]
[EndTime "10:37:20 PDT"]
[Termination "esrosenberg won by resignation"]

1. d4 Nf6 2. c4 e6 3. Nc3 Bb4 4.
e3 d5 5. Ne2 O-O 6. a3 Bxc3+ 7.
Nxc3 b6 8. Bd3 dxc4 9. Bxc4 Bb7 10. O-O Nbd7 11. Qe2 c5 12. Rd1 cxd4 13. exd4 Rc8 14. Bg5 Qc7 15. Bd3 h6 16. Bh4 Qf4 17. Bg3 Qg5 18.
Nb5 Ba8 19. Nxa7 Rc7 20. Nb5 Rcc8 21. Nd6 Rcd8 22. Nb5 Nh5 23. Nc7 Bc6 24. Be4 Nxg3 25. hxg3 Bxe4 26. Qxe4 Nf6 27. Qf4 Qg6 28. Nb5 Rd5 29. Nc3 Rf5 30. Qe3 Ng4 31. Qe1 Nxf2 32. Rd2 Ng4 33. d5 Qh5 0-1

[Event "*** SCC Grand Prix: Titled Tuesday Blitz"]
[Site "Chess.com"]
[Date "2020.07.21"]
[Round "4"]
[White "Arjun2002"]
[Black "tigra"]
[Result "0-1"]
[WhiteElo "2616"]
[BlackElo "2847"]
[TimeControl "180+1"]
[EndTime "10:37:21 PDT"]
[Termination "tigra won by resignation"]

1. e4 c5 2. Nf3 d6 3. d4 cxd4 4. Nxd4 Nf6 5. Nc3 a6 6. Bd3 Nc6 7. Nxc6 bxc6 8. O-O e5 9. f4 Nd7 10. Be3 Be7 11. Kh1 O-O 12. Qf3 exf4 13. Bxf4 Ne5 14. Bxe5 dxe5 15. Bc4 Bf6 16. Nd1 Qd4 17. Bb3 a5 18. c3 Qb6 19. Bc4 Ra7 20. Rf2 Bg5 21. Qh5 h6 22. g3 Qc5 23. Qe2 Bh3 24. b3 Rd7 25. Qe1 Rfd8 26. Nb2 Kh8 27. Rd1 Rxd1 0-1